 Dungeon Crawl Stone Soup version 0.17.0-28-g6e173f8 (webtiles) character file.

1833 PossumBlood the Destroyer (level 8, -2/41 HPs)
             Began as a Deep Elf Conjurer on Nov 25, 2015.
             Was an Initiate of Vehumet.
             Slain by a hound (3 damage)
             ... on level 6 of the Dungeon.
             The game lasted 00:32:49 (8259 turns).

PossumBlood the Destroyer (Deep Elf Conjurer)       Turns: 8259, Time: 00:32:49

Health: -2/41      AC:  3    Str: 10    XL:     8   Next: 86%
Magic:  14/14      EV: 12    Int: 23    God:    Vehumet [......]
Gold:   204        SH:  0    Dex: 15    Spells: 2 memorised, 7 levels left

rFire  x . .     SeeInvis .     d - +0 dagger
rCold  + + .     Clarity  .     a - +0 robe
rNeg   . . .     SustAt   .     (no shield)
rPois  .         Gourm    .     (no helmet)
rElec  .         Spirit   .     s - +0 cloak
rCorr  .         Warding  .     (no gloves)
rMut   .         Stasis   .     (no boots)
MR     .....                    (no amulet)
Stlth  ++........               g - ring of protection from cold
                                p - ring of ice

@: mighty, heavily drained, not resistant to hostile enchantments, unstealthy
A: no striking features
a: Renounce Religion


You were on level 6 of the Dungeon.
You worshipped Vehumet.
Vehumet was noncommittal.
You were not hungry.

You visited 2 branches of the dungeon, and saw 7 of its levels.

You collected 260 gold pieces.
You spent 56 gold pieces at shops.

Inventory:

Hand Weapons
 d - a +0 dagger (weapon)
Armour
 a - a +0 robe (worn)
 s - a +0 cloak (worn)
Jewellery
 e - an uncursed amulet of rage
 g - a ring of protection from cold (right hand)
 p - a ring of ice (left hand)
Scrolls
 i - 2 scrolls of fog
 q - 2 scrolls of remove curse
Potions
 j - 5 potions of haste
 m - a potion of lignification {unknown}
 u - a potion of agility
Books
 b - a book of Conjurations

   Spells                             Type                      Level
   a - Magic Dart                     Conjuration                  1
   b - Searing Ray                    Conjuration                  2
   c - Dazzling Spray                 Conjuration/Hexes            3
   d - Fulminant Prism                Conjuration/Hexes            4
   e - Iskenderun's Mystic Blast      Conjuration                  4
   f - Iskenderun's Battlesphere      Conjuration/Charms           5
 n - a Grand Grimoire

   Spells                             Type                      Level
   a - Monstrous Menagerie            Summoning                    6
   b - Summon Greater Demon           Summoning                    7
   c - Malign Gateway                 Summoning/Translocation      7
   d - Summon Horrible Things         Summoning                    8
Comestibles
 c - a meat ration
 k - 2 beef jerkies
 r - 2 bread rations


   Skills:
 - Level 2.4(1.1) Dodging
 - Level 2.4(1.1) Stealth
 - Level 3.0(1.7) Spellcasting
 + Level 12.9(11.2) Conjurations


You had 7 spell levels left.
You knew the following spells:

 Your Spells              Type           Power        Failure   Level  Hunger
a - Magic Dart            Conj           ####         1%          1    #......
b - Iskenderun's Battles  Conj/Chrm      ####....     38%         5    ######.


Dungeon Overview and Level Annotations

Branches:
Dungeon (6/15)             Temple (1/1) D:5

Altars:
Cheibriados
Elyvilon
Gozag
Kikubaaqudgha
Makhleb
Nemelex Xobeh
Qazlal
Sif Muna
Vehumet
Xom
Yredelemnul
Zin
The Shining One

Shops:
D:4 !**!


Message History

Drink which item? (? for menu, Esc to quit)
Okay, then.
Read which item? (? for menu, Esc to quit)
As you read the scroll of fog, it crumbles to dust.
The scroll dissolves into smoke.
The wight hits you with a short sword!
* * * LOW HITPOINT WARNING * * *
Drink which item? (? for menu, Esc to quit)
It was a potion of cancellation.
You feel magically purged. The hound closely misses you.
The wight closely misses you.
Read which item? (? for menu, Esc to quit)
None of your equipped items are cursed.
Read which item? (? for menu, Esc to quit)
Okay, then.
Drink which item? (? for menu, Esc to quit)
It was a potion of might.
You feel very mighty all of a sudden. The hound bites you.
* * * LOW HITPOINT WARNING * * *
The hound bites you.
You die...

######## #?#
....... ...z...>#
....... .zz.z....
#######
###############.
############.z.z§#
.#
..##......<#.###§#
# (.##.#######.#
#z# ..##.# #z# #z#
..##.#######.# #@#
..##[##....#.# #h#
..##.##......# #§#
.z..(##......# #.#
..########...###h#
..####z............
#............###.##
#............+
#............#


You could see a hound and 2 wights.

Vanquished Creatures
  Prince Ribbit (D:6)
  A deep elf mage (D:5)
  A sky beast (D:5)
  2 ogres (D:4)
  2 phantoms
  A centaur (D:5)
  4 scorpions
  2 wights (D:6)
  3 crimson imps
  2 hounds
  A jelly (D:5)
  A giant frog zombie (D:5)
  An iguana (D:4)
  4 worker ants
  2 orc wizards
  A hound zombie (D:5)
  2 hound skeletons
  4 gnolls (D:4)
  9 adders
  3 oozes
  An adder skeleton (D:4)
  An adder zombie (D:5)
  A worm (D:4)
  2 giant geckos (D:3)
  13 orcs
  9 bats
  7 giant cockroaches
  10 goblins
  11 hobgoblins
  6 jackals
  3 ball pythons
  2 giant gecko skeletons (D:4)
  5 giant newts
  A jackal skeleton (D:5)
  10 kobolds
  2 quokkas (D:4)
  2 quokka skeletons (D:4)
  8 rats
141 creatures vanquished.

Vanquished Creatures (others)
  An adder (D:2)
1 creature vanquished.

Grand Total: 142 creatures vanquished

Notes
Turn   | Place    | Note
--------------------------------------------------------------
     0 | D:1      | PossumBlood the Deep Elf Conjurer began the quest for the Orb.
     0 | D:1      | Reached XP level 1. HP: 10/10 MP: 6/6
   352 | D:1      | Reached XP level 2. HP: 15/15 MP: 6/8
   415 | D:1      | Reached skill level 5 in Conjurations
   802 | D:1      | Reached XP level 3. HP: 19/19 MP: 5/9
  1336 | D:2      | Found a stormy altar of Qazlal.
  1352 | D:2      | Reached skill level 6 in Conjurations
  1578 | D:2      | Reached XP level 4. HP: 24/24 MP: 6/10
  2358 | D:3      | Found a faded altar to an unknown god.
  2729 | D:4      | Reached skill level 7 in Conjurations
  2729 | D:4      | Reached XP level 5. HP: 28/28 MP: 6/11
  2773 | D:4      | Learned a level 5 spell: Iskenderun's Battlesphere
  2801 | D:4      | Noticed a phantom
  2829 | D:4      | Killed a phantom
  3196 | D:4      | Reached skill level 8 in Conjurations
  3196 | D:4      | Reached XP level 6. HP: 32/32 MP: 5/12
  3965 | D:4      | Noticed an ogre
  3968 | D:4      | Noticed an ogre
  3971 | D:4      | Killed an ogre
  3971 | D:4      | Reached skill level 9 in Conjurations
  3977 | D:4      | Killed an ogre
  3977 | D:4      | Reached XP level 7. HP: 36/36 MP: 1/13
  4135 | D:4      | Found Jarevul's General Store.
  4224 | D:4      | Bought a scroll of identify for 28 gold pieces
  4224 | D:4      | Bought a scroll of identify for 28 gold pieces
  4255 | D:4      | Found Teid's Assorted Antiques.
  4318 | D:4      | Found Ashretiva's Distillery.
  4597 | D:4      | Found Kuelonen's Distillery.
  4741 | D:4      | Found a glowing silver altar of Zin.
  4856 | D:4      | Reached skill level 10 in Conjurations
  5069 | D:5      | Entered Level 5 of the Dungeon
  5174 | D:5      | Noticed a deep elf mage
  5189 | D:5      | Killed a deep elf mage
  5734 | D:5      | Reached skill level 11 in Conjurations
  5734 | D:5      | Reached XP level 8. HP: 18/41 MP: 3/14
  6397 | D:5      | Found a staircase to the Ecumenical Temple.
  6402 | Temple   | Entered the Ecumenical Temple
  6421 | Temple   | Became a worshipper of Vehumet
  7163 | D:5      | Reached skill level 12 in Conjurations
  7822 | D:6      | Noticed Prince Ribbit
  7835 | D:6      | Killed Prince Ribbit
  8259 | D:6      | HP: 1/41 [hound (6)]
  8259 | D:6      | Slain by a hound

Action                   |  1- 3 |  4- 6 |  7- 9 || total
-------------------------+-------+-------+-------++-------
Melee: Dagger            |     2 |       |     9 ||    11
 Cast: Magic Dart        |    84 |   127 |   271 ||   482
  Use: Scroll            |     7 |     2 |     5 ||    14
       Potion            |     2 |       |    11 ||    13
  Eat: Bread ration      |     1 |     1 |     1 ||     3
       Fruit             |       |       |     3 ||     3
       Meat ration       |       |       |     1 ||     1
       Beef jerky        |       |       |     1 ||     1
